 Dungeon Crawl Stone Soup version 0.30.1-11-g7821555f0a (webtiles) character file.

Game seed: 129314894619587076

3 Dordric the Shooter (level 1, 0/12 HPs)
             Began as a Kobold Hunter on Nov 6, 2023.
             Slain by a quokka (2 damage)
             ... on level 1 of the Dungeon.
             The game lasted 00:00:10 (69 turns).

Dordric the Shooter (Kobold Hunter)                   Turns: 69, Time: 00:00:11

Health: 0/12       AC:  3    Str:  8    XL:     1   Next: 55%
Magic:  1/1        EV: 14    Int: 10    God:
Gold:   1          SH:  0    Dex: 18    Spells: 0/0 levels left

rFire   . . .        a - +0 shortbow
rCold   . . .        (shield currently unavailable)
rNeg    . . .        c - +0 leather armour
rPois   .            (no helmet)
rElec   .            (no cloak)
rCorr   .            (no gloves)
SInv    .            (no boots)
Will    .....        (no amulet)
Stlth   +++          (no ring)
HPRegen 0.22/turn    (no ring)
MPRegen 0.07/turn

%: no passive effects
@: no status effects
A: small, no large weapons, nightstalker 3
a: no special abilities


You were on level 1 of the Dungeon.
You visited 1 branch of the dungeon, and saw 1 of its levels.

You collected 1 gold pieces.

Inventory:

Hand Weapons
 a - a +0 shortbow (weapon)
Armour
 c - a +0 leather armour (worn)
Scrolls
 b - a scroll of immolation
 d - a scroll of butterflies {unknown}
 e - a scroll of fog {unknown}


   Skills:
 - Level 2.1 Fighting
 + Level 5.5 Ranged Weapons
 - Level 2.4 Dodging
 - Level 1.3 Stealth


You couldn't memorise any spells.
You didn't know any spells.
Your spell library was empty.

Dungeon Overview and Level Annotations

Branches:
Dungeon (1/15)

Altars:


Innate Abilities, Weirdness & Mutations

You are small and have problems with some larger weapons.
You are completely attuned to the shadows.


Message History

You shoot an arrow. The arrow hits the quokka!
You kill the quokka!
You hear a shout!
A hobgoblin comes into view.
A quokka comes into view.
You shoot an arrow. The arrow closely misses the hobgoblin.
The arrow hits the quokka but does no damage.
There are monsters nearby!
You shoot an arrow. The arrow hits the hobgoblin.
The hobgoblin is moderately wounded.
You hear a shout!
A hobgoblin comes into view.
The hobgoblin completely misses you.
You shoot an arrow. The arrow closely misses the hobgoblin.
The hobgoblin shouts!
The quokka closely misses you. The hobgoblin hits you. The quokka bites you.
You shoot an arrow. The arrow hits the hobgoblin.
The hobgoblin is almost dead.
The hobgoblin hits you but does no damage.
The quokka closely misses you.
You shoot an arrow. The arrow closely misses the hobgoblin.
The arrow barely misses the hobgoblin.
You hear an angry hiss.
The hobgoblin completely misses you. The quokka barely misses you.
A ball python comes into view.
The hobgoblin hits you. x2
* * * LOW HITPOINT WARNING * * *
The quokka bites you but does no damage.
The hobgoblin attacks as you move away! The hobgoblin misses you.
The hobgoblin attacks as you move away! The hobgoblin hits you.
* * * LOW HITPOINT WARNING * * *
The hobgoblin attacks as you move away! The hobgoblin closely misses you.
The quokka attacks as you move away! The quokka closely misses you.
The quokka twitches its whiskers.
The quokka barely misses you. The quokka attacks as you move away!
The quokka barely misses you. x2
The quokka attacks as you move away! The quokka bites you.
* * * LOW HITPOINT WARNING * * *
You see here a +0 club.
The quokka attacks as you move away! The quokka bites you.
You die...

#............#
###....)......##
...............#
#........########
#........#
#....g...#
#........#
#..gS....#
#.@r.....#
#..#######
##'###########
+8.8'........# .
#...#........#
..##'##....⌠...#
..............##
....<....######
#.......##


You could see a quokka, 2 hobgoblins and a ball python.

Vanquished Creatures
  A goblin (D:1)
  A quokka (D:1)
  A ball python (D:1)
3 creatures vanquished.

Notes
Turn   | Place    | Note
-------+----------+-------------------------------------------
     0 | D:1      | Dordric the Kobold Hunter began the quest for the Orb.
     0 | D:1      | Reached XP level 1. HP: 12/12 MP: 1/1
    69 | D:1      | Slain by a quokka

Illustrated notes

Levels and vault maps discovered:
D:1:      giann_wishing_wells, layout_basic, minmay_tripent

Action                     || total
---------------------------++-------
   Fire: Shortbow          ||    10
 Armour: Leather armour    ||     2
  Dodge: Dodged            ||    11
